 Dungeon Crawl Stone Soup version 0.25-b1-23-ge2ad7d536c (webtiles) character file.

Game seed: 15368165510530051406, levelgen mode: deterministic

46444 Dirian the Fencer (level 14, 0/125 HPs)
             Began as a Minotaur Fighter on May 28, 2020.
             Was the Champion of Okawaru.
             Slain by Donald
             ... wielding a +2 vorpal scimitar
              (5 damage)
             ... on level 2 of the Orcish Mines.
             The game lasted 00:42:40 (19672 turns).

Dirian the Fencer (Minotaur Fighter)               Turns: 19672, Time: 00:42:41

Health: 0/125      AC: 23    Str: 26    XL:     14   Next: 4%
Magic:  20/20      EV:  8    Int:  5    God:    Okawaru [******]
Gold:   633        SH: 18    Dex: 13    Spells: 13/13 levels left

rFire    . . .     SeeInvis +   u - +2 scimitar (vamp)
rCold    . . .     Gourm    .   c - +0 kite shield
rNeg     . . .     Faith    .   A - +2 chain mail "Esamm" {*Slow MR+ Regen+ Stlth+}
rPois    .         Spirit   .   (helmet restricted)
rElec    .         Reflect  +   l - +0 cloak
rCorr    .         Harm     .   a - +1 pair of gloves {Str+3}
MR       ++...                  F - +0 pair of boots
Stlth    ..........             P - amulet of reflection
HPRegen  0.70/turn              O - ring of see invisible
MPRegen  0.17/turn              H - +4 ring of protection

@: very slightly contaminated, heavily drained
A: retaliatory headbutt, horns 2
a: Heroism, Finesse, Renounce Religion


You were on level 2 of the Orcish Mines.
You worshipped Okawaru.
Okawaru was exalted by your worship.
You were not hungry.

You visited 4 branches of the dungeon, and saw 21 of its levels.
You also visited: Ice Cave.

You collected 1721 gold pieces.
You spent 1088 gold pieces at shops.

Inventory:

Hand Weapons
 u - a +2 vampiric scimitar (weapon)
 v - a +4 falchion of freezing
 I - a +1 scimitar of draining
Armour
 a - a +1 pair of gloves of strength (worn)
 c - a +0 kite shield (worn)
 l - a +0 cloak (worn)
 A - the +2 chain mail "Esamm" (worn) {*Slow MR+ Regen+ Stlth+}
   (Okawaru gifted it to you on level 12 of the Dungeon)

   It affects your resistance to hostile enchantments.
   It increases your rate of regeneration.
   It may slow you when you take damage.
   It makes you more stealthy.
 F - a +0 pair of boots (worn)
 K - the -6 pair of gloves of Gluttony {*Drain Int-5 Dex+5 SInv}
   (Okawaru gifted it to you on level 2 of the Orcish Mines)

   It affects your intelligence (-5).
   It affects your dexterity (+5).
   It lets you see invisible.
   It causes draining when unequipped.
Jewellery
 g - an uncursed ring of protection from fire
 w - an uncursed amulet of guardian spirit
 G - an uncursed ring of protection from cold
 H - a +4 ring of protection (right hand)
 O - a ring of see invisible (left hand)
 P - an amulet of reflection (around neck)
Wands
 j - a wand of flame (86)
 q - a wand of acid (21)
 D - a wand of disintegration (6)
 J - a wand of paralysis (7)
 N - a wand of enslavement (5)
Scrolls
 b - 4 scrolls of fog
 h - 12 scrolls of identify
 i - 12 scrolls of teleportation
 k - 9 scrolls of remove curse
 n - 2 scrolls of fear
 o - a scroll of immolation
 s - a scroll of silence
 t - a scroll of enchant armour
 L - a scroll of brand weapon
 M - 2 scrolls of magic mapping
Potions
 d - 2 potions of flight
 e - 2 potions of brilliance
 m - 3 potions of cancellation
 p - 3 potions of haste
 x - 4 potions of mutation
 z - 3 potions of lignification
 B - a potion of magic
 E - a potion of ambrosia
Comestibles
 f - 31 rations
 r - 2 chunks of flesh


   Skills:
 + Level 11.7(10.1) Fighting
 * Level 17.0(15.1) Long Blades
 + Level 12.0(10.4) Armour
 + Level 12.9(11.2) Shields
 * Level 9.7(8.2) Invocations


You had 13 spell levels left.
You didn't know any spells.
Your spell library contained the following spells:

 Spells                   Type           Power        Failure   Level  Hunger
 Poisonous Vapours        Pois/Air       #.....       99%         2    ###....
 Confusing Touch          Hex            #.......     100%        3    ####...
 Conjure Flame            Conj/Fire      #.......     100%        3    ####...
 Gell's Gravitas          Tloc           #.........   100%        3    ####...
 Mephitic Cloud           Conj/Pois/Air  #.......     100%        3    ####...
 Static Discharge         Conj/Air       #.......     100%        3    ####...
 Ice Form                 Ice/Tmut       #.......     100%        4    #####..
 Petrify                  Tmut/Erth      #.......     100%        4    #####..
 Lightning Bolt           Conj/Air       #.........   100%        5    ######.
 Metabolic Englaciation   Hex/Ice        #.........   100%        5    ######.
 Yara's Violent Unravell  Hex/Tmut       #.........   100%        5    ######.
 Freezing Cloud           Conj/Ice/Air   #.........   100%        6    #######
 Ozocubu's Refrigeration  Ice            #.........   100%        6    #######
 Simulacrum               Ice/Necr       #.........   100%        6    #######
 Ring of Flames           Chrm/Fire      #.........   100%        7    #######
 Ignition                 Fire           #.........   100%        8    #######
 Shatter                  Erth           #.........   100%        9    #######
 Tornado                  Air            #.........   100%        9    #######


Dungeon Overview and Level Annotations

Branches:
Dungeon (12/15)            Temple (1/1) D:4            Lair (6/6) D:8
  Swamp (0/4) Lair:3       Spider (0/4) Lair:4          Orc (2/2) D:10
  IceCv (visited)
  Slime: Lair:5-6       Elf: Orc:2

Altars:
Ashenzari
Cheibriados
Dithmenos
Elyvilon
Fedhas
Gozag
Hepliaklqana
Kikubaaqudgha
Makhleb
Nemelex Xobeh
Okawaru
Qazlal
Ru
Sif Muna
Trog
Uskayaw
Vehumet
Wu Jian
Xom
Yredelemnul
Zin
The Shining One

Shops:
Orc:2 (=%?

Portals:
Trove: D:12 (give 4 scrolls of fog)

Annotations:
Orc:2 Azrael, Donald


Innate Abilities, Weirdness & Mutations

You reflexively headbutt those who attack you in melee.
You have a pair of horns on your head.


Message History

Blink to where?
Press: ? - help, Dir - move target cursor You are very lightly contaminated with residual magic.
As you read the scroll of blinking, it crumbles to dust.
Donald says, "What do they mine anyway?
I've never seen them mine anything."
Things that are here:
a +0 long sword; a +0 plate armour Donald is no longer moving quickly.
Donald says, "Okawaru always makes me think of chokos."
Donald casts a spell.
Donald seems to speed up.
Donald says, "Nice kit."
Donald no longer looks unusually strong.
Donald casts a spell.
Donald seems to grow stronger.
Donald says, "Have you ever seen an orcish miner?
Me neither."
You see here a +0 flail.
Donald hits you with a +2 vorpal scimitar!
* * * LOW HITPOINT WARNING * * *
You die...

#....#.......#...###.......#
##..#........##...#.#.#.#.##
#...#.#.#...###.........##
##...)...#..............##
##.#.#.###........R.....#
####)<.##....[.○..☼○...###
##.........##[○○E☼○○☼○°☼○☼
#......#...#.°E#☼○E°○○○R○.
##.#.....@@E☼.#....#....°°
##...#...............#...##
#........................##
#....................#....#
###......)...#............#.
##.#..#.#....................
#............................
##...........................
#...#........#..............


You could see Donald (fast, strong) and 3 fire elementals.

Vanquished Creatures
  A hydra (Lair:1)
  4 death yaks
  2 ogre magi (Orc:2)
  12 two-headed ogres
  2 deep trolls (Orc:2)
  An orc knight (Orc:1)
  A cyclops (Orc:2)
  3 ugly things
  Maurice (Orc:2)
  A black mamba (Lair:5)
  3 ice statues (IceCv)
  An elephant (Lair:6)
  11 spiny frogs
  A centaur skeleton (D:11)
  Maggie (D:8)
  2 rime drakes
  5 komodo dragons
  8 trolls
  3 blink frogs (Lair:3)
  12 hippogriffs
  7 dream sheep
  2 slime creatures
  A wraith (D:12)
  4 wyverns
  3 hungry ghosts
  3 basilisks
  28 yaks
  A warg (Orc:2)
  Edmund (D:6)
  4 water moccasins
  7 porcupines
  2 black bears (D:8)
  9 ice beasts
  17 orc warriors
  2 sky beasts
  6 phantoms
  27 ogres
  3 necrophages (D:10)
  2 centaurs (D:9)
  10 crocodiles
  5 big kobolds
  9 bullfrogs
  A wyvern zombie (D:9)
  2 gnoll sergeants
  4 scorpions
  9 killer bees
  5 wights
  2 electric eels (Lair:1)
  5 crimson imps
  A howler monkey (D:4)
  4 centaur zombies
  2 bullfrog zombies (D:10)
  2 quasits
  A jelly (D:6)
  A bullfrog skeleton (D:5)
  10 orc priests
  4 hounds
  17 orc wizards
  6 iguanas
  7 worker ants
  3 hound skeletons
  A hound zombie (D:8)
  5 worker ant zombies
  14 gnolls
  18 adders
  2 shadow imps (D:5)
  3 oozes
  3 worms
  2 dart slugs (D:1)
  4 leopard geckos
  87 orcs
  2 ball pythons
  12 giant cockroaches
  4 goblins
  8 hobgoblins
  3 jackals (D:3)
  27 kobolds
  6 quokkas
  16 bats
  8 frilled lizards
  3 rats
  A bush (D:10)
  A fungus (Lair:6)
  A plant (D:10)
545 creatures vanquished.

Vanquished Creatures (others)
  A blink frog (Lair:6)
  61 fungi
  22 plants
84 creatures vanquished.

Grand Total: 629 creatures vanquished

Notes
Turn   | Place    | Note
-------+----------+-------------------------------------------
     0 | D:1      | Dirian the Minotaur Fighter began the quest for the Orb.
     0 | D:1      | Reached XP level 1. HP: 19/19 MP: 0/0
   197 | D:1      | Reached XP level 2. HP: 27/27 MP: 1/1
   393 | D:1      | Reached XP level 3. HP: 32/33 MP: 2/2
   616 | D:1      | Reached skill level 3 in Long Blades
   961 | D:2      | Reached XP level 4. HP: 40/40 MP: 3/3
  1018 | D:2      | Reached skill level 4 in Long Blades
  1278 | D:2      | Reached XP level 5. HP: 38/47 MP: 4/4
  2542 | D:4      | Reached skill level 5 in Long Blades
  2611 | D:4      | Reached skill level 5 in Shields
  2773 | D:4      | Reached XP level 6. HP: 47/53 MP: 5/5
  2811 | D:4      | Found a staircase to the Ecumenical Temple.
  2992 | D:4      | Reached skill level 6 in Long Blades
  3028 | D:4      | Reached skill level 5 in Armour
  3273 | D:4      | Reached XP level 7. HP: 55/60 MP: 6/6
  3433 | D:4      | Found a basalt altar of Yredelemnul.
  3435 | D:4      | Found a sparkling altar of Nemelex Xobeh.
  3540 | D:4      | Reached skill level 5 in Fighting
  3559 | D:4      | Reached skill level 7 in Long Blades
  3707 | Temple   | Entered the Ecumenical Temple
  4096 | Temple   | Became a worshipper of Warmaster Okawaru
  4640 | D:5      | Entered Level 5 of the Dungeon
  4664 | D:5      | Reached skill level 1 in Invocations
  4710 | D:5      | Found a shattered altar of Ashenzari.
  4794 | D:5      | Reached skill level 8 in Long Blades
  4831 | D:5      | Got an opal-encrusted leather armour
  4906 | D:5      | Reached XP level 8. HP: 64/68 MP: 8/8
  5190 | D:4      | Found a shadowy altar of Dithmenos.
  5190 | D:4      | Found a shimmering altar of Xom.
  5636 | D:5      | Identified the +4 leather armour of the True Pharaoh
                  | {rCorr} (You found it on level 5 of the Dungeon)
  5704 | D:5      | Reached * piety under Okawaru
  5778 | D:5      | Reached skill level 9 in Long Blades
  6310 | D:6      | Reached ** piety under Okawaru
  6521 | D:6      | Noticed Edmund
  6537 | D:6      | Killed Edmund
  6537 | D:6      | Reached skill level 10 in Long Blades
  6537 | D:6      | Reached XP level 9. HP: 58/75 MP: 10/10
  6954 | D:7      | Found a white marble altar of Elyvilon.
  7739 | D:8      | Noticed Maggie
  7766 | D:8      | Killed Maggie
  7766 | D:8      | Reached *** piety under Okawaru
  7766 | D:8      | Reached skill level 11 in Long Blades
  8211 | D:8      | Noticed a two-headed ogre
  8223 | D:8      | Killed a two-headed ogre
  8223 | D:8      | Reached XP level 10. HP: 24/86 MP: 12/12
  8556 | D:8      | Reached **** piety under Okawaru
  8573 | D:8      | Found a staircase to the Lair.
  8611 | D:8      | Reached skill level 12 in Long Blades
  9157 | D:8      | Reached skill level 5 in Invocations
 10333 | D:9      | Found a burning altar of Makhleb.
 10334 | D:9      | Found a radiant altar of Vehumet.
 10982 | D:10     | Entered Level 10 of the Dungeon
 11137 | D:10     | Reached skill level 13 in Long Blades
 11456 | D:10     | Reached XP level 11. HP: 75/94 MP: 14/14
 11571 | D:10     | Found a staircase to the Orcish Mines.
 11971 | D:10     | Found a blossoming altar of Fedhas.
 12376 | D:10     | Reached ***** piety under Okawaru
 12458 | D:11     | Noticed a two-headed ogre
 12466 | D:11     | Killed a two-headed ogre
 12756 | D:11     | Noticed a two-headed ogre
 12766 | D:11     | Killed a two-headed ogre
 12948 | D:11     | Noticed a cyan ugly thing
 12960 | D:11     | Killed a cyan ugly thing
 12960 | D:11     | Reached skill level 14 in Long Blades
 13330 | D:12     | Received a gift from Okawaru
 13331 | D:12     | Noticed an eight-headed hydra
 13334 | D:12     | Got an ichor-stained chain mail {god gift}
 13347 | D:11     | Reached skill level 10 in Shields
 13359 | D:11     | Identified the +2 chain mail "Esamm" {*Slow MR+ Regen+
                  | Stlth+} (Okawaru gifted it to you on level 12 of the
                  | Dungeon)
 13431 | D:12     | Noticed a two-headed ogre
 13441 | D:12     | Killed a two-headed ogre
 13532 | D:12     | Found a portal to a secret trove of treasure.
 13664 | Orc:1    | Entered Level 1 of the Orcish Mines
 13690 | Orc:1    | Noticed a two-headed ogre
 13704 | Orc:1    | Killed a two-headed ogre
 13854 | Orc:2    | Entered Level 2 of the Orcish Mines
 13854 | Orc:2    | Noticed an orc knight
 13890 | Orc:1    | Killed an orc knight
 14045 | Orc:1    | Reached XP level 12. HP: 104/104 MP: 16/16
 14111 | Orc:1    | Found a burning altar of Makhleb.
 14317 | Lair:1   | Entered Level 1 of the Lair of Beasts
 14383 | Lair:1   | Reached skill level 10 in Armour
 14548 | Lair:1   | Noticed a four-headed hydra
 14559 | Lair:1   | Killed an eight-headed hydra
 14559 | Lair:1   | Received a gift from Okawaru
 14560 | Lair:1   | Got a jet-encrusted ring mail {god gift}
 14571 | Lair:1   | Identified the +1 ring mail of Laadduat {-Cast rElec rN+++
                  | Dex-5} (Okawaru gifted it to you on level 1 of the Lair of
                  | Beasts)
 14722 | Lair:1   | You fall into a shaft and drop 1 floor!
 14735 | Lair:2   | Reached skill level 15 in Long Blades
 14913 | Lair:2   | Found a frozen archway.
 14923 | IceCv    | Entered an ice cave
 15998 | Lair:3   | Reached skill level 10 in Fighting
 16493 | Lair:3   | Found a staircase to the Swamp.
 16818 | Lair:4   | Noticed a death yak
 16850 | Lair:4   | Killed a death yak
 16852 | Lair:4   | Reached XP level 13. HP: 114/114 MP: 12/18
 16913 | Lair:3   | Received a gift from Okawaru
 16913 | Lair:3   | Reached skill level 16 in Long Blades
 17013 | Lair:4   | Reached ****** piety under Okawaru
 17154 | Lair:4   | Found a hole to the Spider Nest.
 17287 | Lair:4   | You fall into a shaft and drop 2 floors!
 17287 | Lair:6   | Entered Level 6 of the Lair of Beasts
 19088 | Orc:2    | Noticed Maurice
 19096 | Orc:2    | Killed Maurice
 19149 | Orc:2    | Received a gift from Okawaru
 19470 | Orc:2    | Found Lozejuc's Antique Weapon Shoppe.
 19483 | Orc:2    | Found Upugg's Food Shoppe.
 19484 | Orc:2    | Found Ijemeal's Magic Scroll Shop.
 19492 | Orc:2    | Found Cinwuik's Jewellery Emporium.
 19508 | Orc:2    | Received a gift from Okawaru
 19508 | Orc:2    | Reached XP level 14. HP: 96/125 MP: 12/20
 19509 | Orc:2    | Got a pair of ancient gloves {god gift}
 19520 | Orc:2    | Identified the -6 pair of gloves of Gluttony {*Drain Int-5
                  | Dex+5 SInv} (Okawaru gifted it to you on level 2 of the
                  | Orcish Mines)
 19520 | Orc:2    | Lost intelligence.
 19551 | Orc:2    | Bought a scroll of brand weapon for 320 gold pieces
 19551 | Orc:2    | Bought a scroll of teleportation for 48 gold pieces
 19556 | Orc:2    | Bought an uncursed ring of see invisible for 240 gold
                  | pieces
 19556 | Orc:2    | Bought an uncursed amulet of reflection for 480 gold pieces
 19599 | Orc:2    | Reached skill level 17 in Long Blades
 19601 | Orc:2    | Noticed Donald
 19611 | Orc:2    | Noticed Azrael
 19651 | Orc:2    | HP: 5/125 [Donald/+2 vorpal scimitar (4)]
 19672 | Orc:2    | HP: 5/125 [Donald/+2 vorpal scimitar (17)]
 19672 | Orc:2    | Slain by Donald

Illustrated notes

Levels and vault maps discovered:
D:1:      onia_arrival_pentagram, layout_basic, minmay_circled_x
D:2:      layout_loops_ring, item_on_display_a
D:3:      layout_rooms, first_ration, minivault_24
D:4:      layout_cave_pods, nicolae_overflow_hidden_temple,
          minmay_temple_entry_waves
D:5:      layout_basic, nicolae_overflow_crystal_walls
D:6:      layout_cave_pools, grunt_decor_resistance, grunt_decor_cap,
          uniq_edmund
D:7:      layout_gridville, elyvilon_altar_1
D:8:      layout_loops_ring, due_lair_maze_entry_diamond, blue_anna_alchemist
          [blue_anna_fruit_fields, blue_anna_fruit_fields],
          minmay_misc_feat_tower, uniq_maggie
D:9:      layout_layer_cave, grunt_temple_overflow_lords_of_destruction
D:10:     layout_loops_ring, erik_orc_2, fedhas_altar_decomposition
D:11:     layout_big_octagon, minmay_large_rounded_square
D:12:     layout_small_grid, nicolae_trove_entry_crossroad,
          roderic_three_in_a_row
Temple:   minmay_temple_curvy_branch
Lair:1:   layout_loops_ring, chequers_serial_rivers_small_a,
          dpeg_stationary_puzzle
Lair:2:   layout_roguey, portal_ice_cave_entry_pillars_1
Lair:3:   layout_regular_city, swamp_mist
Lair:4:   layout_roguey, dummy_spider_entry
Lair:5:   layout_loops_ring, minivault_23, grunt_megastairs_5,
          infiniplex_staircase_pool_2
Lair:6:   evil_forest, layout_hall_layers, nicolae_slime_entry_slimehenge,
          chequers_serial_rivers_large_a, minivault_25
Orc:1:    layout_diamond_mine, bloody_makhleb
Orc:2:    st_orc_open, layout_caves, serial_shops, shop, uniq_urug, uniq_azrael,
          uniq_maurice, uniq_donald

Skill      XL: |  1  2  3  4  5  6  7  8  9 10 11 12 13 14 |
---------------+-------------------------------------------+-----
Fighting       | 4 5 6 7 9 10 11 | 11.7
Armour         | 4 5 6 7 8 9 10 12 | 12.0
Shields        | 4 5 7 8 9 10 11 12 | 12.9
Long Blades    | 3 4 5 6 8 10 11 13 14 15 16 17 | 17.0
Invocations    | 1 3 4 5 7 8 9 |  9.7

Action                   |  1- 3 |  4- 6 |  7- 9 | 10-12 | 13-15 || total
-------------------------+-------+-------+-------+-------+-------++-------
Melee: Long sword        |    91 |   193 |   430 |   323 |       ||  1037
       Headbutt          |    16 |    31 |    90 |   266 |   125 ||   528
       Scimitar          |       |       |       |   658 |   429 ||  1087
Invok: Heroism           |       |       |     3 |     6 |     5 ||    14
       Finesse           |       |       |       |     1 |     2 ||     3
  Use: Scroll            |       |     4 |     8 |    18 |     3 ||    33
       Potion            |       |     2 |     2 |     1 |     4 ||     9
  Eat: Chunk             |       |     8 |    13 |    21 |     6 ||    48
       Ration            |       |       |     1 |     5 |     1 ||     7
Armor: Scale mail        |    39 |    44 |       |       |       ||    83
       Chain mail        |       |    45 |   201 |   351 |   187 ||   784
Dodge: Dodged            |    34 |    47 |    87 |   177 |   122 ||   467
Block: Kite shield       |    51 |   107 |   243 |   481 |   264 ||  1146
       Rpst.: Long sword |     9 |     8 |    18 |    16 |       ||    51
       Scimitar          |       |       |       |    25 |    18 ||    43
